 Dungeon Crawl Stone Soup version 0.18-a0-1577-gf591c28 (webtiles) character file.

53 Duffy the Chopper (level 3, -1/27 HPs)
             Began as a Demonspawn Gladiator on Mar 17, 2016.
             Slain by a water moccasin (5 damage)
             ... on level 5 of the Dungeon.
             The game lasted 00:01:25 (1772 turns).

Duffy the Chopper (Demonspawn Gladiator)            Turns: 1772, Time: 00:01:25

Health: -1/27      AC:  9    Str: 15    XL:     3   Next: 62%
Magic:  3/3        EV:  7    Int:  9    God:
Gold:   64         SH:  0    Dex: 14    Spells: 0 memorised, 2 levels left

rFire  . . .     SeeInvis .     a - +0 war axe
rCold  . . .     Gourm    .     o - +0 chain mail
rNeg   . . .     Faith    .     (no shield)
rPois  .         Spirit   .     c - +0 helmet
rElec  .         Dismiss  .     (no cloak)
rCorr  .         Reflect  .     (no gloves)
SustAt .         Harm     .     (no boots)
MR     .....                    (no amulet)
Stlth  ..........               (no ring)
                                (no ring)

@: not resistant to hostile enchantments, extremely unstealthy
A: powered by pain 1
a: no special abilities


You were on level 5 of the Dungeon.
You were near starving.

You visited 1 branch of the dungeon, and saw 5 of its levels.

You collected 64 gold pieces.


Innate Abilities, Weirdness & Mutations

You sometimes gain a little power by taking damage.


   Skills:
 - Level 2.0 Fighting
 + Level 4.2 Axes
 - Level 1.7 Throwing
 - Level 2.6 Dodging


You had 2 spell levels left.
You didn't know any spells.

Inventory:

Hand Weapons
 a - a +0 war axe (weapon)
Missiles
 d - 3 throwing nets (quivered)
 h - 11 poisoned needles
 p - 5 poisoned tomahawks
Armour
 b - a +0 leather armour
 c - a +0 helmet (worn)
 o - a +0 chain mail (worn)
Jewellery
 s - an uncursed ring of flight {unknown}
Scrolls
 e - 4 scrolls of identify {unknown}
 g - 3 scrolls of teleportation {unknown}
 i - 2 scrolls of magic mapping {unknown}
 k - 3 scrolls of noise {unknown}
 l - a scroll of fear {unknown}
 m - a scroll of amnesia {unknown}
 r - a scroll of immolation {unknown}
Potions
 j - a potion of resistance {unknown}
 n - a potion of degeneration {unknown}
 q - a potion of brilliance {unknown}
 t - a potion of curing {unknown}
Books
 u - a book of Alchemy
Comestibles
 f - 5 bread rations

Dungeon Overview and Level Annotations

Branches:
Dungeon (5/15)
 Temple: D:4-7

Altars:
Okawaru
Zin


Message History

The howler monkey completely misses you.
The howler monkey bites you but does no damage.
The sky beast barely misses you.
You barely miss the howler monkey.
The howler monkey is moderately wounded.
You closely miss the sky beast.
The howler monkey hits you but does no damage.
The howler monkey bites you. The sky beast hits you. The sky beast shocks you.
The water moccasin bites you but does no damage.
The howler monkey hits you but does no damage.
The howler monkey bites you but does no damage.
You slash the howler monkey!
The howler monkey is severely wounded.
You barely miss the sky beast. You closely miss the water moccasin.
The water moccasin bites you but does no damage.
The sky beast flickers out of sight!
Deactivating autopickup; reactivate with Ctrl-A.
Something hits you but does no damage.
The howler monkey hoots and howls with incredible vigour!
The water moccasin bites you but does no damage.
You hit the howler monkey.
The howler monkey is almost dead.
You miss the water moccasin. You miss something.
The howler monkey barely misses you.
The howler monkey bites you but does no damage.
Something hits you but does no damage. The water moccasin bites you.
The howler monkey hits you but does no damage.
The howler monkey misses you. Something hits you. Something shocks you.
The water moccasin bites you but does no damage.
You are too injured to fight recklessly!
You are too injured to fight recklessly!
The howler monkey hoots and howls with incredible vigour!
Something hits you. Something shocks you. The water moccasin bites you.
You die...

#.......[....#
#............#
#)...........#
#......".....#
#............#
+............#
#....h.......#
#.....S######
#......@..#
#.....###.#
####### #.#
#.# #.# #.#
########.#
#........#
###.########.#


You could see a water moccasin and a howler monkey.

Action                   || total
-------------------------++-------
Melee: War axe           ||   100
  Eat: Chunk             ||     1

Notes
Turn   | Place    | Note
--------------------------------------------------------------
     0 | D:1      | Duffy the Demonspawn Gladiator began the quest for the Orb.
     0 | D:1      | Reached XP level 1. HP: 16/16 MP: 1/1
   147 | D:1      | Reached skill level 3 in Axes
   902 | D:2      | Gained mutation: You sometimes gain a little power by taking damage. [demonic ancestry]
   902 | D:2      | Reached XP level 2. HP: 22/22 MP: 2/2
   968 | D:2      | Found an iron altar of Okawaru.
  1093 | D:3      | Found a glowing silver altar of Zin.
  1210 | D:3      | Reached XP level 3. HP: 27/27 MP: 3/3
  1237 | D:3      | Reached skill level 4 in Axes
  1735 | D:5      | Entered Level 5 of the Dungeon
  1765 | D:5      | Noticed a sky beast
  1765 | D:5      | Noticed a water moccasin
  1772 | D:5      | Slain by a water moccasin

Vault maps used:
D:1:      dpeg_arrival_simpleton_a
D:2:      lemuel_doored_altar, grunt_qazlal_clouds, marbit_many_paths,
          first_bread, hex_medium
D:3:      nicolae_overflow_hidden_temple
D:4:      minmay_misc_feat_chi, grunt_ministairs_9
D:5:      overflow_temple_1_default, cheibrodos_ashenzari_chains, serial_shops,
          kennysheep_mini, kennysheep_okawaru_gauntlet

Vanquished Creatures
  An adder
  An ooze
  A worm
  A dart slug
  7 orcs
  4 goblins
  3 hobgoblins
  3 kobolds
  A quokka
  A bat
  4 giant newts
  A rat
28 creatures vanquished.
